 Dungeon Crawl Stone Soup version 0.23.2-40-g277498a001 (webtiles) character file.

Game seed: 1941550221247837007

131 Exodus22XD the Magician (level 4, -1/30 HPs)
             Began as a Mummy Conjurer on Sept 11, 2019.
             Killed from afar by an orc wizard (9 damage)
             ... with a puff of flame
             ... on level 3 of the Dungeon.
             The game lasted 00:08:10 (3615 turns).

Exodus22XD the Magician (Mummy Conjurer)            Turns: 3615, Time: 00:08:10

Health: -1/30      AC:  7    Str: 11    XL:     4   Next: 91%
Magic:  4/11       EV: 12    Int: 15    God:
Gold:   168        SH:  0    Dex: 12    Spells: 12/13 levels left

rFire    x . .     SeeInvis .   g - +0 dagger
rCold    + . .     Gourm    .   (no shield)
rNeg     + + +     Faith    .   a - +0 robe
rPois    ∞         Spirit   .   (no helmet)
rElec    .         Reflect  .   (no cloak)
rCorr    .         Harm     .   i - +2 pair of gloves
MR       .....                  h - +1 pair of boots
Stlth    ++........             (no amulet)
HPRegen  0.10/turn              l - ring of wizardry
MPRegen  0.12/turn              (no ring)

@: no status effects
A: no food or potions, fire vulnerability, cold resistance 1, negative energy
resistance 3, torment resistance, unbreathing
a: no special abilities


You were on level 3 of the Dungeon.
You were not hungry.

You visited 1 branch of the dungeon, and saw 4 of its levels.

You collected 168 gold pieces.

Inventory:

Hand Weapons
 g - a +0 dagger (weapon)
Armour
 a - a +0 robe (worn)
 h - a +1 pair of boots (worn)
 i - a +2 pair of gloves (worn)
Jewellery
 l - a ring of wizardry (left hand)
Scrolls
 b - a scroll of immolation {unknown}
 c - a scroll of blinking {unknown}
 d - a scroll of random uselessness {unknown}
 e - a scroll of teleportation {unknown}
 f - 6 scrolls of identify {unknown}
 j - 2 scrolls of amnesia {unknown}
 k - a scroll of enchant armour {unknown}
 m - 2 scrolls of remove curse {unknown}


   Skills:
 - Level 1.5 Dodging
 - Level 1.5 Stealth
 - Level 5.0 Spellcasting
 * Level 4.2 Conjurations


You had 12 spell levels left.
You knew the following spells:

 Your Spells              Type           Power        Failure   Level  Hunger
a - Magic Dart            Conj           ###.         1%          1    N/A

Your spell library contained the following spells:

 Spells                   Type           Power        Failure   Level  Hunger
 Searing Ray              Conj           ###...       1%          2    N/A
 Dazzling Spray           Conj/Hex       ##....       9%          3    N/A
 Iskenderun's Mystic Bla  Conj           ###.....     12%         4    N/A
 Force Lance              Conj/Tloc      ##......     26%         4    N/A
 Fulminant Prism          Conj/Hex       ##........   26%         4    N/A

Dungeon Overview and Level Annotations

Branches:
Dungeon (4/15)
 Temple: D:4-7

Altars:
Yredelemnul


Innate Abilities, Weirdness & Mutations

You do not eat or drink.
Your flesh is vulnerable to fire.
You are immune to poison.
Your flesh is cold resistant. (rC+)
You are immune to negative energy. (rN+++)
You are immune to unholy pain and torment.
You can survive without breathing.


Message History

The orc wizard points at you and mumbles some strange words.
The magic dart hits you. The orc wizard casts a spell at you.
The puff of flame misses you. The orc wizard casts a spell at you.
The magic dart hits you.
The orc wizard hits you but does no damage.
There is a stone staircase leading down here.
The orc wizard is no longer moving quickly.
The orc wizard hits you with a +0 dagger.
* * * LOW HITPOINT WARNING * * *
The orc wizard gestures wildly while chanting.
The orc wizard seems to speed up.
The orc wizard looks braver for a moment.
The orc wizard casts a spell at you. The puff of frost misses you.
The orc wizard begins to cast a cantrip, but forgets the words!
The orc wizard points at you and mumbles some strange words.
The puff of flame hits you! The fire burns you terribly!
You die...

###### ##.#.....## #########
.....## ###.....# #......># #
###.#.## ###.### #.#####.###
##...#.# ##o## #.##.......
##...## #...# #.##.##.### ##.##
#...# #.......# ####.# #...#
#.....#.### #.##.# #####...#####
#..#..#.##.
.#...####.......@...###(.#..#.##.
#.####...................##......
#.# #.##...........###.###.#.##.
#<# #.####.#...#.### #.......##.
#.# #.# #.#...#.# ####.#.#### #.#
#.# #.#...#.# #......# ..#
#.####.#...#.# #.#.##.#
######............# #.#<##.#
.......####.......# #.#....#


You could see an orc wizard.

Vanquished Creatures
  An orc priest (D:4)
  3 adders
  An ooze (D:2)
  3 dart slugs (D:3)
  A leopard gecko (D:1)
  11 orcs
  7 bats
  4 giant cockroaches (D:1)
  5 goblins
  5 hobgoblins
  A ball python (D:2)
  3 frilled lizards
  4 kobolds
  5 rats
54 creatures vanquished.

Notes
Turn   | Place    | Note
-------+----------+-------------------------------------------
     0 | D:1      | Exodus22XD the Mummy Conjurer began the quest for the Orb.
     0 | D:1      | Reached XP level 1. HP: 13/13 MP: 4/4
    33 | D:1      | Reached skill level 3 in Spellcasting
   500 | D:1      | Reached XP level 2. HP: 19/19 MP: 4/6
  1078 | D:1      | Reached skill level 4 in Spellcasting
  1747 | D:2      | Reached XP level 3. HP: 24/24 MP: 5/9
  2077 | D:2      | Reached skill level 5 in Spellcasting
  2556 | D:3      | Reached XP level 4. HP: 30/30 MP: 1/11
  3147 | D:3      | Found a basalt altar of Yredelemnul.
  3615 | D:3      | Killed from afar by an orc wizard

Skill      XL: |  1  2  3  4 |
---------------+-------------+-----
Spellcasting   | 3 4 5 |  5.0
Conjurations   | 4 |  4.2
Dodging        | |  1.5
Stealth        | |  1.5

Action                   |  1- 3 |  4- 6 || total
-------------------------+-------+-------++-------
Melee: Unarmed           |    34 |       ||    34
       Dagger            |    12 |     5 ||    17
 Cast: Magic Dart        |   109 |    54 ||   163
Armor: Robe              |    18 |     8 ||    26
Dodge: Dodged            |    58 |     9 ||    67
